 Dungeon Crawl Stone Soup version 0.30-a0-34-gbe8da3892a (webtiles) character file.

Game seed: 2072811812895817385

298 Sobieck the Shooter (level 6, -1/25 (30) HPs)
             Began as a Vine Stalker Hunter on Aug 27, 2022.
             Slain by a wight
             ... wielding a +4 short sword of freezing
              (6 damage)
             ... on level 3 of the Dungeon.
             The game lasted 00:07:25 (3243 turns).

Sobieck the Shooter (Vine Stalker Hunter)           Turns: 3243, Time: 00:07:25

HP:   -1/25 (30)    AC:  6    Str: 13    XL:     6   Next: 36%
MP:   0/7           EV: 12    Int:  9    God:
Gold: 239           SH:  0    Dex: 20    Spells: 5/5 levels left

rFire   . . .      SeeInvis .    b - +0 dagger {short}
rCold   . . .      Faith    .    (no shield)
rNeg    . . .      Spirit   +    c - +0 leather armour
rPois   .          Reflect  .    v - +1 helmet
rElec   .          Harm     .    (no cloak)
rCorr   .          Rampage  .    C - +0 pair of gloves
Will    .....                    (no boots)
Stlth   ++........               l - amulet of the acrobat
HPRegen 0.88/turn                (no ring)
MPRegen 0.10/turn                (no ring)

@: heavily drained
A: fangs 2, regeneration 1, magic shield, antimagic bite, no potion heal 2
a: no special abilities


You were on level 3 of the Dungeon.
You visited 1 branch of the dungeon, and saw 4 of its levels.

You collected 239 gold pieces.


Innate Abilities, Weirdness & Mutations

You have extremely sharp teeth.
Your natural rate of healing is unusually fast.
When hurt, damage is shared between your health and your magic reserves.
Your bite disrupts and absorbs the magic of your enemies.
Potions cannot restore your health.


   Skills:
 - Level 1.7 Fighting
 + Level 6.8 Ranged Weapons
 - Level 1.5 Dodging
 - Level 1.2 Stealth


You had 5 spell levels left.
You didn't know any spells.
Your spell library contained the following spells:

 Spells                   Type           Power      Damage    Failure   Level
 Magic Dart               Conj           0%         1d3       45%         1
 Shock                    Conj/Air       0%         1d3       45%         1
 Searing Ray              Conj           0%         2d4       61%         2
 Swiftness                Air            0%         N/A       83%         3
 Airstrike                Air            0%         2d(0-16)  99%         4
 Fulminant Prism          Conj/Hex       0%         3d6       99%         4

Inventory:

Hand Weapons
 a - a +0 shortbow {bow}
 b - a +0 dagger (weapon) {short}
   (You took it off a goblin on level 1 of the Dungeon)
Missiles
 k - 10 poisoned darts {throwing}
 n - 6 datura-tipped darts {throwing}
 s - 32 stones {throwing}
 F - a throwing net {=f!fthrowing}
Armour
 c - a +0 leather armour (worn)
 i - a +0 scale mail
   (You found it on level 1 of the Dungeon)
 m - a +0 ring mail
   (You found it on level 1 of the Dungeon)
 r - a +0 robe
   (You found it on level 2 of the Dungeon)
 u - a +0 animal skin
   (You took it off Robin on level 1 of the Dungeon)
 v - a +1 helmet (worn)
   (You took it off Robin on level 1 of the Dungeon)
 y - a +0 leather armour
   (You found it on level 2 of the Dungeon)
 B - a +0 ring mail
   (You found it on level 2 of the Dungeon)
 C - a +0 pair of gloves (worn)
   (You found it on level 2 of the Dungeon)
 G - a +0 leather armour
   (You took it off a goblin on level 3 of the Dungeon)
 K - a +0 ring mail
   (You found it on level 4 of the Dungeon)
Magical Staves
 j - a staff of death {!astaff}
   (You found it on level 4 of the Dungeon)
Jewellery
 l - an amulet of the acrobat (around neck)
   (You found it on level 1 of the Dungeon)
Wands
 t - a wand of acid (5)
   (You found it on level 2 of the Dungeon)
 L - a wand of mindburst (21)
   (You found it on level 4 of the Dungeon)
Scrolls
 d - a scroll of torment {!r}
 f - 2 scrolls of vulnerability {!r!r}
 g - a scroll of blinking {!r}
 h - a scroll of immolation {!r!r}
 o - a scroll of magic mapping {!r}
 p - 2 scrolls of teleportation {@r4}
 H - a scroll of enchant armour
Potions
 e - a potion of curing {@q1}
 q - 2 potions of attraction {!q}
 w - a potion of magic {unknown}
 x - a potion of cancellation {unknown}
 z - a potion of flight
 A - a potion of ambrosia
 D - a potion of resistance {unknown}
 E - a potion of heal wounds {unknown}
 I - a potion of brilliance {unknown}
 J - a potion of degeneration {unknown}

Dungeon Overview and Level Annotations

Branches:
Dungeon (4/15) Zot: 20737
 Temple: D:4-7

Altars:
Elyvilon
Hepliaklqana
Okawaru
Zin

............# #...#.
.###..#####.# #.#.#. .# ##.# #.#
#.#.#. .####.## #.# #.#.#.
.......# #.# ##########.#.#.
≈≈≈≈≈≈.# #.# #..........#.#.
.....§.# #.# #.##########.#.
≈≈.≈.≈.####.#######.#..........#.
...≈.≈.#.......z@##.#.##########.
._.≈.§§..##..)...................
...≈.≈...#.......####.#.#########
≈≈≈≈§§§#.#.####.......#..........
.....≈.#.#.#####.################
≈≈≈≈≈≈.#.#.##....................
.......#.#..#.#####..............
.##...##.#..#.# ###............
.##...##.##.#.#### #............


You could see a wight.


Message History

Blink to where?
Press: ? - help, Dir - move target
As you read the scroll of blinking {!r}, it crumbles to dust.
Unknown command.
There is a stone staircase leading up here.
Unknown command.
You climb upwards.
There is a stone staircase leading down here.
Unknown command.
Unknown command.
There is a stone staircase leading down here.
Unknown command.
Unknown command.
You start resting.
Unknown command.
Unknown command.
You climb downwards.
The gnoll shouts!
You hear a shout! x2
The gnoll throws a throwing net.
The throwing net hits you.
You become entangled in the net!
There is a stone staircase leading up here.
You see here a throwing net {=f!fthrowing}.
Danger!
Unknown command.
You tear a large gash into the net.
Unknown command.
You struggle against the net.
A gnoll bouda comes into view. It is wielding a +0 whip.
You rip the net and break free!
A gnoll comes into view. It is wielding a +0 flail.
A gnoll comes into view. It is wielding a +0 club.
The gnoll bouda barks out a call to the hunt!
The gnolls pick up the pace!
The gnoll attacks as you move away! The gnoll completely misses you.
There is a stone staircase leading up here.
Unknown command.
You can't go down here!
The gnoll hits you with a +0 club.
You climb upwards.
There is a stone staircase leading down here.
Unknown command.
You hit the gnoll. The gnoll hits you but does no damage.
You hit the gnoll. The gnoll hits you but does no damage.
You hit the gnoll. The gnoll misses you.
You hit the gnoll. Your bite misses the gnoll.
The gnoll hits you but does no damage.
You hit the gnoll but do no damage. The gnoll barely misses you.
You hit the gnoll.
You kill the gnoll!
Unknown command.
There is a stone staircase leading down here.
Unknown command.
Unknown command.
You climb downwards.
There is a stone staircase leading up here.
Unknown command.
Unknown command.
Unknown command.
a - a +0 shortbow (weapon)
{bow} Unknown command.
Danger!
You shoot an arrow.
The arrow hits the wight but does no damage.
Danger!
Unknown command.
There is a stone staircase leading up here.
You start waiting.
A wight is nearby!
Danger!
Unknown command.
You shoot an arrow. The arrow hits the wight.
You shoot an arrow. The arrow barely misses the wight.
You shoot an arrow.
The arrow hits the wight but does no damage.
You shoot an arrow. The arrow hits the wight!
You shoot an arrow. The arrow barely misses the wight.
b - a +0 dagger (weapon)
{short} The wight hits you with a +4 short sword of freezing.
You feel drained. The wight freezes you.
You climb upwards.
There is a stone staircase leading down here.
Unknown command.
You hit the wight.
The wight hits you with a +4 short sword of freezing.
You feel drained. The wight freezes you.
You hit the wight but do no damage. The wight closely misses you.
You barely miss the wight. Your bite misses the wight.
The wight hits you with a +4 short sword of freezing!
The wight freezes you.
Unknown command.
You barely miss the wight. Your bite misses the wight.
The wight hits you with a +4 short sword of freezing!
* * * LOW HITPOINT WARNING * * *
The wight freezes you.
* * * LOW HITPOINT WARNING * * *
Unknown command.
You barely miss the wight. Your bite misses the wight.
The wight hits you with a +4 short sword of freezing.
You die...

Skill      XL: |  1  2  3  4  5 |
---------------+----------------+-----
Ranged Weapons | 4 5 6 |  6.8
Fighting       | |  1.7
Dodging        | |  1.5
Stealth        | |  1.2

Action                   |  1- 3 |  4- 6 || total
-------------------------+-------+-------++-------
Melee: Unarmed           |     4 |       ||     4
       Dagger            |    55 |   104 ||   159
       Bite              |    20 |    26 ||    46
       Punch             |       |     1 ||     1
 Fire: Shortbow          |    51 |   130 ||   181
  Use: Scroll            |       |    11 ||    11
 Stab: Sleeping          |     1 |       ||     1
Armor: Leather armour    |    14 |    27 ||    41
Dodge: Dodged            |    45 |    63 ||   108

Levels and vault maps discovered:
D:1:      dpeg_arrival_water_fire, layout_loops_ring,
          hellmonk_ecumenical_altar_pennies_from_heaven
D:2:      minmay_razor_zed, layout_rooms, serial_aquarium,
          aquarium_bridge_island_small [aquarium_subvault_small_water,
          aquarium_subvault_balcony, aquarium_subvault_bridge,
          aquarium_subvault_wall, aquarium_subvault_bridge],
          aquarium_window_corridor_3, aquarium_window_2, aquarium_window_fake,
          aquarium_view_2d, aquarium_view_2a, aquarium_balcony_5b, basic_altar,
          minmay_tetromino_o2, uniq_robin
D:3:      layout_basic, nzn_hepliaklqana_mist_gate,
          mainiacjoe_overflow_concentric_impassable
D:4:      layout_rooms, mainiacjoe_overflow_chevrons,
          chequers_serial_rivers_micro_d, minmay_fractal_squares_5

Notes
Turn   | Place    | Note
-------+----------+-------------------------------------------
     0 | D:1      | Sobieck the Vine Stalker Hunter began the quest for the
                  | Orb.
     0 | D:1      | Reached XP level 1. HP: 11/11 MP: 2/2
   229 | D:1      | Reached skill level 4 in Ranged Weapons
   229 | D:1      | Reached XP level 2. HP: 15/15 MP: 3/3
   275 | D:1      | You pick up a book of Conjurations {@e2} and begin
                  | reading...
   275 | D:1      | You add the spells Magic Dart, Searing Ray and Fulminant
                  | Prism to your library.
   420 | D:1      | Found a faded altar of an unknown god.
   642 | D:1      | Reached XP level 3. HP: 18/18 MP: 2/4
   990 | D:2      | Noticed Robin
   990 | D:2      | Found a glowing silver altar of Zin.
  1253 | D:2      | Reached skill level 5 in Ranged Weapons
  1258 | D:2      | Gained mutation: Your natural rate of healing is unusually
                  | fast. [Vine Stalker growth]
  1258 | D:2      | Reached XP level 4. HP: 23/23 MP: 5/5
  1277 | D:1      | Killed Robin
  1611 | D:2      | You pick up a book of Air and begin reading...
  1611 | D:2      | You add the spells Shock, Swiftness and Airstrike to your
                  | library.
  1715 | D:2      | Reached XP level 5. HP: 26/26 MP: 4/6
  2233 | D:3      | Found an iron altar of Okawaru.
  2252 | D:3      | Reached skill level 6 in Ranged Weapons
  2420 | D:3      | Reached XP level 6. HP: 19/30 MP: 4/7
  2482 | D:3      | Found a hazy altar of Hepliaklqana.
  2979 | D:4      | Found a white marble altar of Elyvilon.
  3242 | D:3      | HP: 4/25 [wight/+4 short sword of freezing (3)]
  3243 | D:3      | Slain by a wight

Vanquished Creatures
  2 jellies
  A hound (D:3)
  Robin (D:1)
  A gnoll (D:3)
  6 adders
  4 worms
  6 dart slugs
  8 ball pythons
  9 endoplasms
  9 giant cockroaches
  12 hobgoblins
  2 jackals (D:1)
  6 kobolds
  3 quokkas
  6 bats
  5 frilled lizards
  19 goblins
  5 rats
105 creatures vanquished.

Vanquished Creatures (others)
  2 plants (D:4)
2 creatures vanquished.

Grand Total: 107 creatures vanquished

Table legend:
 A = Non-vault XP
 B = Vault XP
 C = Vault XP percentage of total XP
 D = Non-vault monster count
 E = Vault monster count
 F = Vault count percentage of total count
                 A         B        C        D         E       F
            +---------+---------+-------+---------+---------+-------
      Total |     334 |      93 |  21.8 |      74 |      31 |  29.5
            +---------+---------+-------+---------+---------+-------
        D:1 |      51 |      23 |  31.1 |      26 |       5 |  16.1
        D:2 |      91 |      53 |  36.8 |      22 |      23 |  51.1
        D:3 |     121 |       0 |   0.0 |      15 |       0 |   0.0
        D:4 |      71 |      17 |  19.3 |      11 |       3 |  21.4
            +---------+---------+-------+---------+---------+-------

Illustrated notes

Table legend:
 A = Kills in this place as a percentage of kills in entire the game.
 B = Kills by you in this place as a percentage of kills by you in the entire game.
 C = Kills by friends in this place as a percentage of kills by friends in the entire game.
 D = Other kills in this place as a percentage of other kills in the entire game.
 E = Experience gained in this place as a percentage of experience gained in the entire game.
 F = Experience gained in this place divided by the number of levels of this place that you have seen.
                   A       B       C       D       E      F
               +-------+-------+-------+-------+-------+----------------------
         Total | 100.0 | 100.0 |   N/A |   N/A | 100.0 | 106.8
       Dungeon | 100.0 | 100.0 |   N/A |   N/A | 100.0 | 106.8
               +-------+-------+-------+-------+-------+----------------------

Table legend: (Time is in decaauts)
 A = Elapsed time spent in this place.
 B = Non-inter-level travel time spent in this place.
 C = Inter-level travel time spent in this place.
 D = Time resting spent in this place.
 E = Time spent auto-exploring this place.
 F = Levels seen in this place.
 G = Mean time per level.
                   A        B        C        D        E       F      G
               +--------+--------+--------+--------+--------+-----+--------+
         Total |   3261 |   3034 |    227 |    142 |   2160 |   4 |  815.2 |
       Dungeon |   3261 |   3034 |    227 |    142 |   2160 |   4 |  815.2 |
               +--------+--------+--------+--------+--------+-----+--------+

Top non-repeatable levels by time:
     D:1: 1179 daAuts
     D:2: 977 daAuts
     D:3: 711 daAuts
     D:4: 393 daAuts
